 Dungeon Crawl Stone Soup version 0.29-a0-1052-g6990b1bffc (webtiles) character file.

Game seed: 15604575661850327255

5408 nicolae the Cleaver (level 10, -3/56 HPs)
             Began as a Gargoyle Fighter on Aug 17, 2022.
             Was a Believer of Makhleb.
             Slain by a meliai
             ... wielding a +0 hand axe
              (5 damage)
             ... on level 10 of the Dungeon.
             The game lasted 00:16:02 (11773 turns).

nicolae the Cleaver (Gargoyle Fighter)             Turns: 11773, Time: 00:16:03

Health: -3/56      AC: 20    Str: 24    XL:     10   Next: 67%
Magic:  10/10      EV:  6    Int:  9    God:    Makhleb [**....]
Gold:   427        SH:  6    Dex:  9    Spells: 9/9 levels left

rFire   + . .      SeeInvis .   e - +2 war axe (freeze)
rCold   + . .      Faith    .   D - +2 buckler
rNeg    + . .      Spirit   .   a - +2 plate armour
rPois   ∞          Reflect  .   (no helmet)
rElec   +          Harm     .   w - scarf {rC+ rF+}
rCorr   .          Rampage  .   (no gloves)
Will    .....                   (no boots)
Stlth   ..........              r - amulet of the acrobat
HPRegen 0.18/turn               m - ring of flight
MPRegen 0.12/turn               n - +4 ring of slaying

@: flying, invisible
A: sickness immunity, AC +7, negative energy resistance 1, electricity
resistance, torment resistance 1, petrification resistance
a: Renounce Religion, Minor Destruction


You were on level 10 of the Dungeon.
You worshipped Makhleb.
Makhleb was pleased with you.
You visited 1 branch of the dungeon, and saw 10 of its levels.

You collected 427 gold pieces.

Inventory:

Hand Weapons
 e - a +2 war axe of freezing (weapon)
Missiles
 j - 32 poisoned darts (quivered)
 x - 4 throwing nets
 A - 2 boomerangs of dispersal
 H - 5 boomerangs
Armour
 a - a +2 plate armour (worn)
 w - a scarf of resistance (worn)
 D - a +2 buckler (worn)
Jewellery
 m - a ring of flight (left hand)
 n - a +4 ring of slaying (right hand)
 r - an amulet of the acrobat (around neck)
 s - a ring of ice
 F - the ring "Tiostuoc" {rPois rF+ rC- rCorr Dex+3}
   (You found it on level 7 of the Dungeon)

   [ring of poison resistance]

   Dex:       It affects your dexterity (+3).
   rF:        It protects you from fire.
   rC:        It makes you vulnerable to cold.
   rPois:     It protects you from poison.
   rCorr:     It protects you from acid and corrosion.
 K - a +4 ring of evasion
Wands
 i - a wand of quicksilver (21)
 v - a wand of digging (1)
 z - a wand of flame (18)
 B - a wand of polymorph (9)
 E - a wand of roots (6)
Scrolls
 b - a scroll of immolation
 c - a scroll of teleportation
 k - a scroll of fear
 l - a scroll of blinking
 o - 2 scrolls of brand weapon
 q - a scroll of summoning
 u - a scroll of fog
 y - 3 scrolls of vulnerability
 L - a scroll of poison {unknown}
 M - a scroll of torment
Potions
 d - 3 potions of lignification
 g - a potion of curing
 p - 2 potions of ambrosia
 t - a potion of mutation
 C - 3 potions of attraction
 J - a potion of haste


   Skills:
 - Level 3.2 Fighting
 + Level 13.3(13.5) Axes
 - Level 4.2(10.3) Maces & Flails
 - Level 3.2 Armour
 - Level 5.0 Shields


You had 9 spell levels left.
You didn't know any spells.
Your spell library contained the following spells:

 Spells                   Type           Power      Damage    Failure   Level
 Apportation              Tloc           0%         N/A       100%        1
 Necrotise                Necr           0%         1d4       100%        1
 Summon Small Mammal      Summ           0%         N/A       100%        1
 Scorch                   Fire           0%         2d5       100%        2
 Anguish                  Hex/Necr       0%         N/A       100%        4
 Flame Wave               Conj/Fire      0%         2d4       100%        4
 Fulminant Prism          Conj/Hex       0%         3d6       100%        4
 Iskenderun's Mystic Bla  Conj/Tloc      0%         2d3       100%        4
 Lee's Rapid Deconstruct  Erth           0%         3d5*      100%        5
 Summon Cactus Giant      Summ           0%         N/A       100%        6
 Enfeeble                 Hex            0%         N/A       100%        7


Dungeon Overview and Level Annotations

Branches:
Dungeon (10/15)            Temple (0/1) D:6
   Lair: D:8-11         Orc: D:9-12

Altars:
Ashenzari
Dithmenos
Fedhas
Gozag
Hepliaklqana
Kikubaaqudgha
Makhleb
Nemelex Xobeh
Qazlal
Ru
Sif Muna
Uskayaw
Wu Jian
Xom
The Shining One

Shops:
D:2 (


Innate Abilities, Weirdness & Mutations

You are immune to sickness and miasma.
Your stone body is resilient. (AC +7)
You are immune to poison.
You resist negative energy. (rN+)
You are resistant to electric shocks. (rElec)
You are resistant to unholy torment.
You are immune to petrification.


Message History

You block the meliai's attack. x2
You closely miss the meliai. You closely miss the meliai. You hit the meliai.
You freeze the meliai. The meliai hits you but does no damage.
You block the meliai's attack. The meliai hits you but does no damage.
The meliai stings you. The meliai hits you but does no damage.
The meliai barely misses you. The meliai hits you with a +0 hand axe.
You block the meliai's attack.
You hit the meliai. You freeze the meliai.
The meliai is moderately wounded.
You closely miss the meliai. The meliai barely misses you.
The meliai stings you. You block the meliai's attack.
The meliai stings you but does no damage.
The meliai mumbles some strange prayers to its god against you.
Something smites you!
The meliai invokes the aid of its god against you.
Something smites you!
You are too injured to fight recklessly!
You feel better. The meliai hits you but does no damage.
The meliai barely misses you. You block the meliai's attack. x2
The meliai hits you with a +0 hand axe. You block the meliai's attack.
The meliai hits you but does no damage.
The meliai stings you but does no damage.
The meliai attacks as you move away! The meliai hits you with a +0 hand axe!
The meliai stings you. The meliai barely misses you. The meliai misses you.
You are too injured to fight recklessly!
You are too injured to fight recklessly!
You are too injured to fight recklessly!
You slash the meliai! You freeze the meliai.
The meliai is heavily wounded.
The meliai completely misses you. The meliai stings you.
The meliai mumbles some strange prayers to its god against you.
Something smites you!
* * * LOW HITPOINT WARNING * * *
You hear a horrible gurgling sound!
You fade into invisibility!
You hear an angry buzzing noise.
The meliai closely misses you. The meliai stings you.
* * * LOW HITPOINT WARNING * * *
The meliai hits you with a +0 hand axe.
You die...

#..<....#
#.#######.#
#.........#
####'###### #.....#
#+##### #######.#
###.......
#######'###y'.......
...#>.....#y#.....>.
≈≈.#......#@#....y..
...#......#.#....y..
._.#......'.#.......
...#......###......y
≈≈.#......# .......
...#......# #####.#
########### ###


You could see 2 meliai.

Vanquished Creatures
  A two-headed ogre (D:9)
  Prince Ribbit (D:6)
  3 wyverns
  Menkaure (D:7)
  A water moccasin (D:6)
  An acid dragon (D:9)
  7 orc warriors
  2 black bears
  3 ogres
  2 sky beasts
  4 centaurs
  A kobold brigand (D:9)
  A bullfrog (D:8)
  3 gnoll sergeants
  2 scorpions (D:5)
  5 wights
  4 killer bees (D:9)
  An electric eel (D:9)
  5 howler monkeys
  3 hounds
  4 orc priests
  3 jellies
  4 iguanas
  15 orc wizards
  8 adders
  19 gnolls
  2 shadow imps (D:6)
  An ufetubus (D:5)
  3 worms
  2 dart slugs
  29 orcs
  2 bats (D:3)
  11 endoplasms
  3 giant cockroaches
  3 goblins
  11 hobgoblins
  5 quokkas
  5 ball pythons
  4 frilled lizards
  16 kobolds
  9 rats
210 creatures vanquished.

Vanquished Creatures (others)
  10 fungi
  16 plants
26 creatures vanquished.

Grand Total: 236 creatures vanquished

Notes
Turn   | Place    | Note
-------+----------+-------------------------------------------
     0 | D:1      | nicolae the Gargoyle Fighter began the quest for the Orb.
     0 | D:1      | Reached XP level 1. HP: 14/14 MP: 1/1
   102 | D:1      | Reached XP level 2. HP: 15/19 MP: 2/2
   686 | D:1      | Reached XP level 3. HP: 23/23 MP: 3/3
  1317 | D:2      | Found Vauleawk's Weapon Shoppe.
  1429 | D:2      | Found a faded altar of an unknown god.
  1640 | D:2      | Reached XP level 4. HP: 28/28 MP: 4/4
  2065 | D:3      | Reached XP level 5. HP: 22/32 MP: 5/5
  2210 | D:3      | Found a glowing golden altar of the Shining One.
  2292 | D:3      | Reached skill level 5 in Shields
  2466 | D:3      | Found a broken altar of Ashenzari.
  2537 | D:3      | Found an opulent altar of Gozag.
  2835 | D:3      | You are sucked into a shaft and drop 2 floors!
  2835 | D:5      | Entered Level 5 of the Dungeon
  2845 | D:4      | Reached skill level 1 in Axes
  3219 | D:4      | Reached skill level 2 in Axes
  3219 | D:4      | Reached XP level 6. HP: 19/37 MP: 6/6
  3532 | D:4      | Noticed a black bear
  3547 | D:4      | Killed a black bear
  3548 | D:4      | Reached skill level 3 in Axes
  3952 | D:4      | Identified the +2 chain mail of Rovy Eno {-Tele rC+ Slay+3}
  4362 | D:5      | Found a burning altar of Makhleb.
  4454 | D:5      | Reached skill level 4 in Axes
  4454 | D:5      | Reached XP level 7. HP: 37/41 MP: 7/7
  4629 | D:5      | Became a worshipper of Makhleb the Destroyer
  4789 | D:5      | Reached skill level 5 in Axes
  5187 | D:5      | Reached skill level 6 in Axes
  5549 | D:5      | Reached XP level 8. HP: 21/46 MP: 8/8
  5959 | D:6      | Reached skill level 7 in Axes
  6676 | D:6      | Found an ornate altar of the Wu Jian Council.
  6680 | D:6      | Noticed Prince Ribbit
  6726 | D:6      | Killed Prince Ribbit
  6727 | D:6      | Reached skill level 8 in Axes
  6789 | D:6      | Reached * piety under Makhleb
  6938 | D:6      | Found a shimmering blue altar of Sif Muna.
  7075 | D:6      | Found a staircase to the Ecumenical Temple.
  7739 | D:6      | Reached skill level 9 in Axes
  7739 | D:6      | Reached XP level 9. HP: 51/51 MP: 9/9
  8294 | D:7      | Noticed Menkaure
  8298 | D:7      | Killed Menkaure
  8339 | D:7      | Identified the ring "Tiostuoc" {rPois rF+ rC- rCorr Dex+3}
  8647 | D:7      | Reached skill level 10 in Axes
  9042 | D:7      | Found an ancient bone altar of Kikubaaqudgha.
  9075 | D:7      | Reached ** piety under Makhleb
  9110 | D:7      | Found a sparkling altar of Nemelex Xobeh.
  9110 | D:7      | Found a shadowy altar of Dithmenos.
  9162 | D:7      | Reached skill level 11 in Axes
  9436 | D:7      | Found a hazy altar of Hepliaklqana.
  9485 | D:7      | Found a sacrificial altar of Ru.
  9565 | D:8      | Reached XP level 10. HP: 40/56 MP: 10/10
  9759 | D:8      | Found a hide-covered altar of Uskayaw.
 10038 | D:8      | Reached skill level 12 in Axes
 10038 | D:8      | Identified the +1 ring mail "Zunahem" {Regen+}
 11028 | D:9      | Found a blossoming altar of Fedhas.
 11103 | D:9      | Noticed a two-headed ogre
 11110 | D:9      | Killed a two-headed ogre
 11212 | D:9      | Found a stormy altar of Qazlal.
 11247 | D:9      | Reached skill level 13 in Axes
 11736 | D:10     | Entered Level 10 of the Dungeon
 11751 | D:10     | Found a shimmering altar of Xom.
 11773 | D:10     | HP: 2/56 [meliai/+0 hand axe (5)]
 11773 | D:10     | Slain by a meliai

Illustrated notes

Levels and vault maps discovered:
D:1:      lightli_arrival_statue_moat, layout_basic
D:2:      layout_basic, serial_shops, shop, nicolae_ecumenical_lake_church,
          grunt_decor_mini_mirrors
D:3:      minmay_spotlight, layout_basic, general_overflow_altar,
          mainiacjoe_overflow_cross_hatched, mainiacjoe_overflow_paths,
          amcnicky_mini_rare_corridor_liquid, grunt_ministairs_11,
          serial_park_tiny_1, serial_park_tiny_2
D:4:      layout_loops_ring
D:5:      layout_cave_pools, makhleb_blood_cavern_becter
D:6:      layout_layer_cave, mainiacjoe_overflow_small_starburst, led_sif_pool,
          minmay_temple_entry_trees, enter_ossuary_1, uniq_prince_ribbit1
D:7:      layout_basic, marbit_many_paths, nicolae_ru_the_path_less_chosen,
          gammafunk_temple_overflow_elements, overflow_temple_1_default,
          grunt_ministairs_14, uniq_menkaure
D:8:      layout_gridville, nicolae_uskayaw_suspiria, minivault_26,
          minmay_door_square, serial_bayou_crossing
D:9:      layout_roguey, fedhas_altar_3, grunt_qazlal_clouds,
          amcnicky_mini_pool_small, fountainhead
D:10:     layout_roguey, mainiacjoe_overflow_alcove_4, orc_0_dummy,
          minivault_15, uniq_joseph, uniq_erica

Skill      XL: |  1  2  3  4  5  6  7  8  9 10 |
---------------+-------------------------------+-----
Shields        | 4 5 |  5.0
Maces & Flails | 3 4 |  4.2
Axes           | 2 4 6 9 11 13 | 13.3
Fighting       | |  3.2
Armour         | |  3.2

Action                   |  1- 3 |  4- 6 |  7- 9 | 10-12 || total
-------------------------+-------+-------+-------+-------++-------
Melee: Flail             |   136 |   110 |       |       ||   246
       Hand axe          |       |   108 |    82 |       ||   190
       Unarmed           |       |     8 |       |       ||     8
       War axe           |       |       |   207 |   130 ||   337
Invok: Minor Destruction |       |       |       |     2 ||     2
  Use: Scroll            |       |    10 |     9 |     7 ||    26
       Potion            |       |     3 |     8 |     2 ||    13
Armor: Scale mail        |    65 |       |       |       ||    65
       Chain mail        |       |   137 |    66 |       ||   203
       Plate armour      |       |       |   105 |    73 ||   178
Dodge: Dodged            |    58 |    75 |   123 |    46 ||   302
Block: Buckler           |    19 |    56 |    89 |    51 ||   215

Table legend: (Time is in decaauts)
 A = Elapsed time spent in this place.
 B = Non-inter-level travel time spent in this place.
 C = Inter-level travel time spent in this place.
 D = Time resting spent in this place.
 E = Time spent auto-exploring this place.
 F = Levels seen in this place.
 G = Mean time per level.
                   A        B        C        D        E       F      G
               +--------+--------+--------+--------+--------+-----+--------+
         Total |  11831 |  11557 |    274 |   3195 |   6631 |  10 | 1183.1 |
       Dungeon |  11831 |  11557 |    274 |   3195 |   6631 |  10 | 1183.1 |
               +--------+--------+--------+--------+--------+-----+--------+

Top non-repeatable levels by time:
     D:6: 2030 daAuts
     D:5: 1788 daAuts
     D:4: 1539 daAuts
     D:7: 1148 daAuts
     D:3: 1140 daAuts
     D:8: 1134 daAuts
     D:1: 1076 daAuts
     D:9: 1048 daAuts
     D:2: 889 daAuts
    D:10: 36 daAuts
